 Dungeon Crawl Stone Soup version 0.20-a0-1025-g4706f7e (webtiles) character file.

85 Ichigo the Skirmisher (level 4, -1/37 HPs)
             Began as a Demonspawn Monk on Apr 19, 2017.
             Slain by a worm (7 damage)
             ... on level 2 of the Dungeon.
             The game lasted 00:02:51 (2478 turns).

Ichigo the Skirmisher (Demonspawn Monk)             Turns: 2478, Time: 00:02:52

Health: -1/37      AC:  5    Str: 13    XL:     4   Next: 25%
Magic:  4/4        EV: 14    Int: 11    God:
Gold:   66         SH:  0    Dex: 15    Spells: 3/3 levels left

rFire    . . .     SeeInvis .     - Unarmed
rCold    . . .     Gourm    .   (no shield)
rNeg     . . .     Faith    .   a - +0 robe
rPois    .         Spirit   .   (helmet restricted)
rElec    .         Reflect  .   (no cloak)
rCorr    .         Harm     .   l - +2 pair of gloves
MR       +....                  (no boots)
Stlth    ++........             (no amulet)
Regen    0.2/turn               f - ring of protection from magic
MPRegen  0.1/turn               (no ring)

@: no status effects
A: antennae 1, demonic guardian 1
a: no special abilities


You were on level 2 of the Dungeon.
You were hungry.

You visited 1 branch of the dungeon, and saw 2 of its levels.

You collected 66 gold pieces.

Inventory:

Armour
 a - a +0 robe (worn)
 d - a +0 plate armour
 g - a +0 helmet
 l - a +2 pair of gloves (worn)
Jewellery
 f - a ring of protection from magic (left hand)
Scrolls
 c - a scroll of amnesia {unknown}
 e - 2 scrolls of teleportation {unknown}
 h - a scroll of magic mapping {unknown}
 i - a scroll of identify {unknown}
 n - a scroll of recharging {unknown}
Potions
 j - 2 potions of curing {unknown}
 m - a potion of flight {unknown}
 o - a potion of invisibility {unknown}
Comestibles
 b - 2 bread rations
 k - a royal jelly


   Skills:
 - Level 4.0 Fighting
 - Level 3.6 Dodging
 - Level 3.6 Stealth
 + Level 3.5 Unarmed Combat


You had 3 spell levels left.
You didn't know any spells.

Dungeon Overview and Level Annotations

Branches:
Dungeon (2/15)

Altars:


Innate Abilities, Weirdness & Mutations

You have a pair of small antennae on your head.
A weak demonic guardian rushes to your aid.


Message History

The worm is heavily wounded.
The leopard gecko misses you.
You hit the worm but do no damage.
The worm is heavily wounded.
The leopard gecko bites you. The worm bites you.
You hit the worm but do no damage.
The worm is heavily wounded.
The leopard gecko closely misses you. x2
You hit the worm.
The worm is severely wounded.
The worm bites you!
* * * LOW HITPOINT WARNING * * *
The leopard gecko closely misses you.
You barely miss the worm.
The worm is severely wounded.
The leopard gecko barely misses you.
You hit the worm.
The worm is almost dead.
The worm bites you!
You die...

#######.#
........#.###
........###
............#
#######..$#
.......÷..#.#
#...#
........#...#
######...#
........#...#
.......)?.#
........#<..#
#######...#
........##..#
#..†#####
...##.####..#
#....@..# ...
#. #..#
#.#..lw.# ..
#. ##.#
#.#....$..#
#..
#.#.......#
#..
#!#.......#
#..
#.##......#
#.. #......#
#.# #.$....#
#.# #.#


You could see a worm and a leopard gecko.

Vanquished Creatures
  2 adders (D:2)
  An ooze (D:1)
  2 worms (D:2)
  A dart slug (D:1)
  2 giant cockroaches
  4 hobgoblins
  3 jackals (D:1)
  2 bats
  A frilled lizard (D:2)
  5 goblins
  6 kobolds
  3 rats
32 creatures vanquished.

Vanquished Creatures (collateral kills)
  Jessica (D:2)
  A goblin (D:2)
  A frilled lizard (D:2)
3 creatures vanquished.

Grand Total: 35 creatures vanquished

Notes
Turn   | Place    | Note
-------+----------+-------------------------------------------
     0 | D:1      | Ichigo the Demonspawn Monk began the quest for the Orb.
     0 | D:1      | Reached XP level 1. HP: 19/19 MP: 1/1
   367 | D:1      | Reached skill level 1 in Unarmed Combat
   573 | D:1      | Gained mutation: A weak demonic guardian rushes to your aid. [demonic ancestry]
   573 | D:1      | Reached XP level 2. HP: 24/25 MP: 2/2
  1453 | D:2      | Reached XP level 3. HP: 30/30 MP: 3/3
  1460 | D:2      | Noticed Jessica
  1469 | D:2      | Killed Jessica
  2008 | D:2      | Gained mutation: You have a pair of small antennae on your head. [demonic ancestry]
  2008 | D:2      | Reached XP level 4. HP: 26/37 MP: 4/4
  2478 | D:2      | Slain by a worm

Vault maps used:
D:1:      lemuel_arrival_hallway, serial_curves, eino_curves_02, eino_curves_01
D:2:      lightli_temple_of_fire, grunt_ministairs_8, uniq_jessica

Skill      XL: |  1  2  3 |
---------------+----------+-----
Unarmed Combat | 1 2 3 |  3.5
Fighting       | |  4.0
Dodging        | |  3.6
Stealth        | |  3.6

Action                   |  1- 3 |  4- 6 || total
-------------------------+-------+-------++-------
Melee: Unarmed           |   128 |    33 ||   161
       Punch             |     1 |     1 ||     2
 Stab: Sleeping          |     6 |       ||     6
       Distracted        |     1 |       ||     1
  Eat: Chunk             |     3 |     1 ||     4
Armor: Robe              |    17 |     6 ||    23
Dodge: Dodged            |    85 |    21 ||   106
